 Dungeon Crawl Stone Soup version 0.30-a0-161-gdd60e06945 (webtiles) character file.

Game seed: 8033089546421792969

10122 qw the Cleaver (level 11, 0/68 HPs)
             Began as a Gargoyle Fighter on Sept 27, 2022.
             Was a High Priest of Okawaru.
             Slain by a 20-headed hydra (3 damage)
             ... on level 9 of the Dungeon.
             The game lasted 00:04:55 (10645 turns).

qw the Cleaver (Gargoyle Fighter)                  Turns: 10645, Time: 00:04:56

Health: 0/68       AC: 28    Str: 30    XL:     11   Next: 57%
Magic:  12/17      EV: 10    Int:  5    God:    Okawaru [*****.]
Gold:   15         SH: 13    Dex: 13    Spells: 10/10 levels left

rFire   . . .      SeeInvis .    Y - +3 war axe
rCold   . . .      Faith    .    k - +0 kite shield
rNeg    + . .      Spirit   .    u - +3 plate armour
rPois   inf        Reflect  .    o - +1 hat "Bimmal" {Str+7 Int-5 Dex+4 Stlth+}
rElec   +          Harm     .    (no cloak)
rCorr   +          Rampage  .    (no gloves)
Will    .....                    c - +0 pair of boots
Stlth   ..........               (no amulet)
HPRegen 0.21/turn                s - ring of resist corrosion
MPRegen 0.15/turn                (no ring)

@: heroic, finesse-ful
A: sickness immunity, AC +8, negative energy resistance 1, electricity
resistance, torment resistance 1, petrification resistance
a: Renounce Religion, Heroism, Finesse, Duel


You were on level 9 of the Dungeon.
You worshipped Okawaru.
Okawaru was extremely pleased with you.
You visited 2 branches of the dungeon, and saw 10 of its levels.
You also visited: Sewer.

You collected 489 gold pieces.
You spent 474 gold pieces at shops.


Innate Abilities, Weirdness & Mutations

You are immune to sickness and miasma.
Your stone body is resilient. (AC +8)
You are immune to poison.
You resist negative energy. (rN+)
You are resistant to electric shocks. (rElec)
You are resistant to unholy torment.
You are immune to petrification.


   Skills:
 - Level 8.2(13.2) Fighting
 + Level 10.4(15.4) Axes
 - Level 1.0(6.0) Throwing
 - Level 6.3(11.3) Armour
 - Level 2.4(7.4) Dodging
 - Level 9.0(14.0) Shields
 + Level 8.1 Invocations


You had 10 spell levels left.
You didn't know any spells.
Your spell library was empty.

Inventory:

Hand Weapons
 f - the +6 eveningstar "Vupal" {antimagic, rPois rF+ Int-5 Dex+4}
   (You acquired it on level 3 of the Dungeon)

   It reduces the magical energy of the wielder, and disrupts the spells and
   magical abilities of those it strikes.
   Natural abilities and divine invocations are not affected.
   Int:       It affects your intelligence (-5).
   Dex:       It affects your dexterity (+4).
   rF:        It protects you from fire.
   rPois:     It protects you from poison.
 Y - a +3 war axe (weapon)
Missiles
 w - a boomerang (quivered)
Armour
 c - a +0 pair of boots (worn)
 k - a +0 kite shield (worn)
 o - the +1 hat "Bimmal" (worn) {Str+7 Int-5 Dex+4 Stlth+}
   (You acquired it on level 3 of the Dungeon)

   Str:       It affects your strength (+7).
   Int:       It affects your intelligence (-5).
   Dex:       It affects your dexterity (+4).
   Stlth:     It makes you more stealthy.
 u - a +3 plate armour (worn)
Jewellery
 g - a ring of fire
 h - a ring of ice
 s - a ring of resist corrosion (left hand)
 t - a ring of fire
Scrolls
 p - 5 scrolls of identify
Potions
 a - a potion of magic
 b - a potion of cancellation
 d - 3 potions of might
 e - 3 potions of lignification
 j - 2 potions of attraction
 l - 2 potions of haste
 n - a potion of mutation
 q - 5 potions of curing

Dungeon Overview and Level Annotations

Branches:
Dungeon (9/15)             Temple (1/1) D:4           Sewer (visited)
   Lair: D:8-11         Orc: D:9-12

Altars:
Ashenzari
Cheibriados
Dithmenos
Elyvilon
Fedhas
Gozag
Hepliaklqana
Kikubaaqudgha
Makhleb
Nemelex Xobeh
Okawaru
Qazlal
Ru
Sif Muna
Trog
Uskayaw
Vehumet
Wu Jian
Xom
Yredelemnul
Zin
The Shining One

Shops:
D:3 *   D:4 [   D:9 !

Annotations:
D:5 2 transporters
D:7 2 runed translucent doors, qw's ghost, novice GrFi


Message History

The 17-headed hydra bites you but does no damage.
You block the 17-headed hydra's attack. The 17-headed hydra bites you!
The 17-headed hydra bites you but does no damage.
You block the 17-headed hydra's attack.
The 17-headed hydra bites you but does no damage.
The 17-headed hydra closely misses you. The 17-headed hydra barely misses you.
The 17-headed hydra closely misses you.
The 17-headed hydra bites you but does no damage.
10642 ||| DRINKING potion of heal wounds.
You feel much better. You block the 17-headed hydra's attack.
The 17-headed hydra misses you.
The 17-headed hydra bites you but does no damage.
You block the 17-headed hydra's attack.
The 17-headed hydra bites you but does no damage.
The 17-headed hydra barely misses you.
The 17-headed hydra bites you but does no damage.
You block the 17-headed hydra's attack. x2; The 17-headed hydra bites you!
The 17-headed hydra bites you but does no damage. x2
The 17-headed hydra barely misses you. The 17-headed hydra misses you.
The 17-headed hydra bites you! The 17-headed hydra closely misses you.
You block the 17-headed hydra's attack.
You lop one of the 17-headed hydra's heads off!
The 16-headed hydra grows two more!
You slice the 18-headed hydra!!
The 18-headed hydra is moderately wounded.
You chop one of the 18-headed hydra's heads off!
The 17-headed hydra grows two more!
You hit the 19-headed hydra.
The 19-headed hydra is moderately wounded.
You lop one of the 19-headed hydra's heads off!
The 18-headed hydra grows two more!
You slice the 20-headed hydra!!
The 20-headed hydra is moderately wounded.
The 20-headed hydra bites you but does no damage. x2
The 20-headed hydra barely misses you. The 20-headed hydra closely misses you.
The 20-headed hydra bites you.
You block the 20-headed hydra's attack. x2
The 20-headed hydra bites you but does no damage.
You block the 20-headed hydra's attack. The 20-headed hydra bites you.
The 20-headed hydra bites you but does no damage. x2
You block the 20-headed hydra's attack.
The 20-headed hydra bites you but does no damage.
The 20-headed hydra bites you.
You die...

.......# #..# #..#..#..#.
.......# #..# #.....#....
......\# #..# #.....#h...
.......# #..##################
.......# #.......)............
.......# #....................
.......# #..##################
######'## #..#......#.....#....
........#####..#@.....#.....#....
...............#D###..#..#..#..#.
.........##....#$$ #..#..#..#..#.
.........##....#.:.#.....#.....#.
...............#??[#.....#.....#.
.).......>.....##################
..............## ...............
################


You could see a 20-headed hydra.

Vanquished Creatures
  A centaur warrior (D:8)
  A two-headed ogre (D:9)
  An ugly thing (D:9)
  A troll (D:8)
  Grinder (D:3)
  A hornet (D:9)
  A wraith (D:8)
  A vampire (D:8)
  4 wyverns
  5 yaks
  Grum (D:9)
  2 steam dragons (D:8)
  Duvessa (D:5)
  5 water moccasins
  4 ice beasts (D:8)
  7 orc warriors
  A sky beast (D:6)
  4 ogres
  2 wolves (D:9)
  5 centaurs
  2 phantoms (D:5)
  4 kobold brigands
  12 bullfrogs
  2 gnoll sergeants (D:8)
  A necrophage (D:4)
  5 scorpions
  3 wights
  Dowan (D:5)
  8 killer bees
  8 howler monkeys
  2 jellies
  A hound (D:5)
  4 orc priests
  3 gnoll boudas
  3 iguanas
  7 orc wizards
  7 adders
  21 gnolls
  2 shadow imps
  2 ufetubi (D:5)
  2 dart slugs (D:1)
  A worm (D:5)
  34 orcs
  8 endoplasms
  7 giant cockroaches
  4 goblins
  2 hobgoblins
  10 jackals
  6 quokkas
  5 ball pythons
  4 bats
  4 frilled lizards
  7 kobolds
  A rat (D:1)
242 creatures vanquished.

Vanquished Creatures (others)
  A bullfrog (D:8)
1 creature vanquished.

Grand Total: 243 creatures vanquished

Notes
Turn   | Place    | Note
-------+----------+-------------------------------------------
     0 | D:1      | qw the Gargoyle Fighter began the quest for the Orb.
     0 | D:1      | Reached XP level 1. HP: 14/14 MP: 1/1
     0 | D:1      | 0 ||| qw: Version: 0.2-a-10-g37ed214
     0 | D:1      | 0 ||| qw: Game counter: 634
     0 | D:1      | 0 ||| qw: Always use a shield: true
     0 | D:1      | 0 ||| qw: God list: Okawaru
     0 | D:1      | 0 ||| qw: Allow faded altars: false
     0 | D:1      | 0 ||| qw: Do Orc after D:15 true
     0 | D:1      | 0 ||| qw: Do second Lair branch before Depths: true
     0 | D:1      | 0 ||| qw: Lair rune preference: random
     0 | D:1      | 0 ||| qw: Plans: Normal, Zot:1-4, God:TSO, Crypt, Tomb,
                  | Pan, Slime:5, Hells, Abyss, Orb
     0 | D:1      | 0 ||| PLANNING D:1-11
    43 | D:1      | Found a faded altar of an unknown god.
    82 | D:1      | Reached skill level 2 in Axes
   104 | D:1      | 104 ||| Stepping ~*~*~tactically~*~*~ (stealth).
   109 | D:1      | 109 ||| Stepping ~*~*~tactically~*~*~ (stealth).
   117 | D:1      | Reached XP level 2. HP: 19/19 MP: 2/2
   229 | D:1      | 229 ||| Stepping ~*~*~tactically~*~*~ (hiding).
   480 | D:1      | Reached skill level 3 in Axes
   651 | D:1      | Reached XP level 3. HP: 23/23 MP: 3/3
   854 | D:1      | 854 ||| UPGRADING to +0 plate armour.
   864 | D:1      | 864 ||| DROPPING +0 scale mail.
   865 | D:1      | 865 ||| READING scroll labelled YTWAODAOFU.
  1852 | D:2      | 1852 ||| UPGRADING to +0 kite shield.
  1862 | D:2      | 1862 ||| DROPPING +0 buckler.
  1863 | D:2      | 1863 ||| READING scroll labelled NILINU FEETU.
  1864 | D:2      | 1864 ||| READING scroll labelled AZUUCU XIPEOFE.
  1865 | D:2      | 1865 ||| READING scroll labelled BAMIFEPH FIXA.
  1866 | D:2      | 1866 ||| DRINKING 2 orange potions.
  1930 | D:3      | Reached XP level 4. HP: 26/28 MP: 4/4
  1958 | D:3      | Noticed Grinder
  1964 | D:3      | Killed Grinder
  1965 | D:3      | Reached skill level 6 in Shields
  1965 | D:3      | Reached XP level 5. HP: 11/32 MP: 5/5
  1965 | D:3      | Reached XP level 6. HP: 13/37 MP: 6/6
  2234 | D:3      | 2234 ||| Stepping ~*~*~tactically~*~*~ (stealth).
  2378 | D:3      | 2378 ||| Stepping ~*~*~tactically~*~*~ (stealth).
  2380 | D:3      | 2380 ||| Stepping ~*~*~tactically~*~*~ (stealth).
  2388 | D:3      | 2388 ||| Stepping ~*~*~tactically~*~*~ (stealth).
  2398 | D:3      | Found Fuff's Assorted Antiques.
  2406 | D:3      | 2406 ||| SHOPLISTING potion of might (116 gold, have 61).
  2406 | D:3      | 2406 ||| BUYING scroll labelled BUPSEV XUSOA (29 gold).
  2406 | D:3      | Bought a scroll labelled BUPSEV XUSOA for 29 gold pieces
  2406 | D:3      | 2406 ||| BUYING scroll labelled TOLEOZ ZUEKHLEG (29 gold).
  2406 | D:3      | Bought a scroll labelled TOLEOZ ZUEKHLEG for 29 gold pieces
  2406 | D:3      | 2406 ||| SHOPLISTING scroll labelled TYNWYS OMAUCE (29
                  | gold, have 3).
  2406 | D:3      | 2406 ||| SHOPLISTING smoky cyan potion (26 gold, have 3).
  2409 | D:3      | 2409 ||| Stepping ~*~*~tactically~*~*~ (hiding).
  2419 | D:3      | Reached skill level 4 in Axes
  2532 | D:3      | 2532 ||| Stepping ~*~*~tactically~*~*~ (stealth).
  2533 | D:3      | 2533 ||| Stepping ~*~*~tactically~*~*~ (stealth).
  2759 | D:3      | 2759 ||| DROPPING +0 whip.
  2987 | D:3      | 2987 ||| UPGRADING to +0 pair of boots.
  2992 | D:3      | 2992 ||| READING scroll labelled DIRAKY RIDYTU.
  2993 | D:3      | 2993 ||| READING scroll labelled BUPSEV XUSOA.
  2994 | D:3      | 2994 ||| READING scroll labelled TOLEOZ ZUEKHLEG.
  2995 | D:3      | 2995 ||| READING 2 scrolls labelled IKHIBOM DENUOW.
  2995 | D:3      | Identified 2 scrolls of acquirement
  2995 | D:3      | 2995 ||| ACQUIRING +6 eveningstar "Vupal" {antimagic, rPois
                  | rF+ Int-5 Dex+4}
  2995 | D:3      | Acquired the +6 eveningstar "Vupal" {antimagic, rPois rF+
                  | Int-5 Dex+4}
  2997 | D:3      | 2997 ||| DROPPING +0 flail.
  2998 | D:3      | 2998 ||| READING scroll of acquirement.
  2998 | D:3      | 2998 ||| ACQUIRING +1 hat "Bimmal" {Str+7 Int-5 Dex+4
                  | Stlth+}
  2998 | D:3      | Acquired the +1 hat "Bimmal" {Str+7 Int-5 Dex+4 Stlth+}
  3000 | D:3      | 3000 ||| UPGRADING to +1 hat "Bimmal" {Str+7 Int-5 Dex+4
                  | Stlth+}.
  3005 | D:3      | 3005 ||| READING scroll labelled XOSURY METU.
  3108 | D:4      | Reached skill level 1 in Dodging
  3147 | D:4      | 3147 ||| Stepping ~*~*~tactically~*~*~ (stealth).
  3209 | D:4      | Reached XP level 7. HP: 31/41 MP: 7/7
  3504 | D:4      | HP: 9/41 [ogre/+0 giant club (17)]
  3506 | D:4      | Reached skill level 5 in Axes
  3800 | D:4      | 3800 ||| Stepping ~*~*~tactically~*~*~ (hiding).
  3821 | D:4      | HP: 9/42 [gnoll/+0 spear[a gnoll bouda] (2)]
  3823 | D:4      | HP: 3/42 [gnoll/+0 spear[a gnoll bouda] (7)]
  4155 | D:4      | Found a staircase to the Ecumenical Temple.
  4156 | D:4      | 4156 ||| PLANNING TEMPLE
  4156 | D:4      | 4156 ||| READING scroll labelled TYNWYS OMAUCE.
  4157 | D:4      | 4157 ||| READING scroll labelled MEB VUTOAWKEK.
  4161 | D:4      | 4161 ||| DRINKING 3 lumpy dark potions.
  4162 | D:4      | 4162 ||| READING 3 scrolls of identify.
  4162 | D:4      | 4162 ||| IDENTIFYING smoky cyan potion
  4163 | D:4      | 4163 ||| READING 2 scrolls of identify.
  4163 | D:4      | 4163 ||| IDENTIFYING yellow potion
  4164 | D:4      | 4164 ||| DROPPING potion of flight.
  4251 | Temple   | Entered the Ecumenical Temple
  4261 | Temple   | 4261 ||| PLANNING OKAWARU WORSHIP
  4436 | Temple   | Became a worshipper of Warmaster Okawaru
  4437 | Temple   | 4437 ||| PLANNING D:1-11
  4495 | D:4      | Found Biocutem's Antique Armour Shop.
  4944 | D:5      | Entered Level 5 of the Dungeon
  5015 | D:5      | 5015 ||| READING scroll of enchant weapon.
  5015 | D:5      | 5015 ||| ENCHANTING +1 war axe.
  5042 | D:5      | Found a transporter.
  5068 | D:5      | Found a transporter.
  5149 | D:5      | Reached skill level 6 in Axes
  5220 | D:5      | 5220 ||| Stepping ~*~*~tactically~*~*~ (stealth).
  5225 | D:5      | Reached XP level 8. HP: 48/48 MP: 8/8
  5293 | D:5      | Reached * piety under Okawaru
  5387 | D:5      | Found a sacrificial altar of Ru.
  5387 | D:5      | Found a shimmering altar of Xom.
  5452 | D:5      | 5452 ||| Stepping ~*~*~tactically~*~*~ (stealth).
  5484 | D:5      | Found a snail-covered altar of Cheibriados.
  5596 | D:5      | 5596 ||| INVOKING Heroism.
  5600 | D:5      | Reached skill level 1 in Invocations
  5633 | D:5      | 5633 ||| Stepping ~*~*~tactically~*~*~ (stealth).
  5634 | D:5      | 5634 ||| Stepping ~*~*~tactically~*~*~ (stealth).
  5713 | D:5      | Noticed Dowan
  5713 | D:5      | Noticed Duvessa
  5714 | D:5      | 5714 ||| INVOKING Heroism.
  5724 | D:5      | Killed Duvessa
  5725 | D:5      | Reached skill level 7 in Axes
  5727 | D:5      | Killed Dowan
  5870 | D:5      | 5870 ||| UPGRADING to ring of resist corrosion.
  5881 | D:5      | 5881 ||| STAIRDANCE
  5888 | D:4      | 5888 ||| SHOPLISTING glowing chain mail (195 gold, have
                  | 182).
  5888 | D:4      | 5888 ||| SHOPLISTING masterwork crystal plate armour (2210
                  | gold, have 182).
  5927 | D:6      | 5927 ||| PLANNING SEWER
  5935 | D:6      | Reached skill level 3 in Invocations
  6045 | D:6      | 6045 ||| Stepping ~*~*~tactically~*~*~ (stealth).
  6054 | D:6      | 6054 ||| FLEEEEING.
  6266 | D:6      | 6266 ||| Stepping ~*~*~tactically~*~*~ (hiding).
  6269 | D:6      | 6269 ||| INVOKING Heroism.
  6279 | D:6      | Reached XP level 9. HP: 54/54 MP: 10/12
  6326 | D:6      | 6326 ||| Stepping ~*~*~tactically~*~*~ (hiding).
  6329 | D:6      | 6329 ||| INVOKING Heroism.
  6337 | D:6      | 6337 ||| Stepping ~*~*~tactically~*~*~ (hiding).
  6437 | D:6      | Found a glowing drain.
  6438 | D:6      | 6438 ||| INVOKING Heroism.
  6446 | D:6      | 6446 ||| READING 2 scrolls of identify.
  6446 | D:6      | 6446 ||| IDENTIFYING white potion
  6462 | Sewer    | Entered a sewer
  6468 | Sewer    | 6468 ||| INVOKING Heroism.
  6469 | Sewer    | 6469 ||| Stepping ~*~*~tactically~*~*~ (water).
  6600 | Sewer    | 6600 ||| READING 2 scrolls of identify.
  6600 | Sewer    | 6600 ||| IDENTIFYING gluggy blue potion
  6601 | Sewer    | 6601 ||| DROPPING potion of brilliance.
  6619 | D:6      | 6619 ||| PLANNING D:1-11
  6683 | D:6      | 6683 ||| Stepping ~*~*~tactically~*~*~ (hiding).
  6684 | D:6      | 6684 ||| Stepping ~*~*~tactically~*~*~ (hiding).
  6687 | D:6      | Reached ** piety under Okawaru
  6688 | D:6      | 6688 ||| INVOKING Heroism.
  6979 | D:6      | 6979 ||| READING 3 scrolls of identify.
  6979 | D:6      | 6979 ||| IDENTIFYING fizzy purple potion
  6980 | D:6      | 6980 ||| READING 2 scrolls of identify.
  6980 | D:6      | 6980 ||| IDENTIFYING bubbling blue potion
  6981 | D:6      | 6981 ||| DROPPING potion of degeneration.
  7015 | D:7      | 7015 ||| INVOKING Heroism.
  7026 | D:7      | Reached skill level 8 in Axes
  7050 | D:7      | 7050 ||| Stepping ~*~*~tactically~*~*~ (stealth).
  7063 | D:7      | Reached skill level 6 in Fighting
  7149 | D:7      | 7149 ||| Stepping ~*~*~tactically~*~*~ (stealth).
  7227 | D:7      | 7227 ||| INVOKING Heroism.
  7304 | D:7      | Found a glowing golden altar of the Shining One.
  7436 | D:7      | Found a large runed translucent door.
  7436 | D:7      | Found a large runed translucent door.
  7437 | D:7      | Noticed qw's ghost (novice GrFi)
  7460 | D:7      | Found a broken altar of Ashenzari.
  7565 | D:7      | 7565 ||| READING scroll labelled CIJARU REMIRCHYPP.
  7717 | D:7      | 7717 ||| Stepping ~*~*~tactically~*~*~ (stealth).
  7725 | D:7      | 7725 ||| Stepping ~*~*~tactically~*~*~ (stealth).
  7773 | D:8      | 7773 ||| INVOKING Heroism.
  7857 | D:8      | 7857 ||| Stepping ~*~*~tactically~*~*~ (stealth).
  7861 | D:8      | 7861 ||| INVOKING Heroism.
  8007 | D:8      | 8007 ||| Stepping ~*~*~tactically~*~*~ (stealth).
  8011 | D:8      | 8011 ||| INVOKING Heroism.
  8064 | D:8      | Reached skill level 9 in Axes
  8104 | D:8      | 8104 ||| Stepping ~*~*~tactically~*~*~ (hiding).
  8106 | D:8      | 8106 ||| INVOKING Heroism.
  8109 | D:8      | Reached XP level 10. HP: 51/60 MP: 10/13
  8123 | D:8      | 8123 ||| INVOKING Heroism.
  8136 | D:8      | Reached *** piety under Okawaru
  8179 | D:8      | 8179 ||| INVOKING Heroism.
  8352 | D:8      | 8352 ||| READING 5 scrolls of identify.
  8352 | D:8      | 8352 ||| IDENTIFYING golden potion
  8355 | D:8      | 8355 ||| INVOKING Heroism.
  8365 | D:8      | 8365 ||| FLEEEEING.
  8371 | D:8      | 8371 ||| FLEEEEING.
  8372 | D:8      | 8372 ||| FLEEEEING.
  8373 | D:8      | 8373 ||| FLEEEEING.
  8374 | D:8      | 8374 ||| FLEEEEING.
  8375 | D:8      | 8375 ||| DRINKING 5 potions of curing.
  8375 | D:8      | 8375 ||| (to cure confusion)
  8378 | D:8      | 8378 ||| INVOKING Heroism.
  8401 | D:8      | 8401 ||| INVOKING Heroism.
  8405 | D:8      | Reached skill level 9 in Shields
  8438 | D:8      | 8438 ||| DRINKING 4 potions of curing.
  8438 | D:8      | 8438 ||| (to cure confusion)
  8439 | D:8      | 8439 ||| DRINKING 3 potions of curing.
  8439 | D:8      | 8439 ||| (to cure confusion)
  8530 | D:8      | 8530 ||| INVOKING Heroism.
  8561 | D:8      | 8561 ||| INVOKING Heroism.
  8578 | D:8      | 8578 ||| Stepping ~*~*~tactically~*~*~ (hiding).
  8593 | D:8      | 8593 ||| INVOKING Heroism.
  8612 | D:8      | Reached **** piety under Okawaru
  8618 | D:8      | Reached skill level 10 in Axes
  8792 | D:8      | 8792 ||| INVOKING Heroism.
  8796 | D:8      | Noticed a centaur warrior
  8810 | D:8      | HP: 14/63 [centaur warrior (4)]
  8811 | D:8      | 8811 ||| READING 2 scrolls of teleportation.
  8814 | D:8      | HP: 4/63 [centaur warrior (3)]
  8815 | D:8      | Killed a centaur warrior
  8816 | D:8      | Reached skill level 6 in Armour
  8816 | D:8      | Reached XP level 11. HP: 5/67 MP: 13/15
  8917 | D:8      | 8917 ||| Invisible monster not found???
  8979 | D:8      | 8979 ||| FLEEEEING.
  8980 | D:8      | 8980 ||| FLEEEEING.
  8981 | D:8      | 8981 ||| FLEEEEING.
  8982 | D:8      | 8982 ||| FLEEEEING.
  8983 | D:8      | 8983 ||| FLEEEEING.
  8984 | D:8      | 8984 ||| FLEEEEING.
  8985 | D:8      | 8985 ||| FLEEEEING.
  8986 | D:8      | 8986 ||| DRINKING 2 potions of curing.
  8986 | D:8      | 8986 ||| (to cure confusion)
  8987 | D:8      | 8987 ||| FLEEEEING.
  8988 | D:8      | 8988 ||| FLEEEEING.
  8989 | D:8      | 8989 ||| FLEEEEING.
  8990 | D:8      | 8990 ||| FLEEEEING.
  8991 | D:8      | 8991 ||| FLEEEEING.
  8992 | D:8      | 8992 ||| FLEEEEING.
  8993 | D:8      | 8993 ||| FLEEEEING.
  8994 | D:8      | 8994 ||| FLEEEEING.
  9000 | D:8      | 9000 ||| FLEEEEING.
  9001 | D:8      | 9001 ||| FLEEEEING.
  9002 | D:8      | 9002 ||| FLEEEEING.
  9003 | D:8      | 9003 ||| FLEEEEING.
  9004 | D:8      | 9004 ||| FLEEEEING.
  9005 | D:8      | 9005 ||| FLEEEEING.
  9020 | D:8      | 9020 ||| FLEEEEING.
  9021 | D:8      | 9021 ||| FLEEEEING.
  9022 | D:8      | 9022 ||| FLEEEEING.
  9023 | D:8      | 9023 ||| FLEEEEING.
  9024 | D:8      | 9024 ||| FLEEEEING.
  9025 | D:8      | 9025 ||| FLEEEEING.
  9330 | D:8      | Reached skill level 6 in Invocations
  9345 | D:8      | Found a bloodstained altar of Trog.
  9347 | D:8      | 9347 ||| INVOKING Heroism.
  9526 | D:8      | 9526 ||| READING scroll of enchant weapon.
  9526 | D:8      | 9526 ||| ENCHANTING +2 war axe.
  9540 | D:8      | 9540 ||| UPGRADING to +3 plate armour.
  9550 | D:8      | 9550 ||| DROPPING +0 plate armour.
  9551 | D:8      | 9551 ||| READING scroll labelled BISISM FEEH.
  9617 | D:8      | 9617 ||| DRINKING 2 fizzy coppery potions.
  9618 | D:8      | 9618 ||| READING 5 scrolls of identify.
  9618 | D:8      | 9618 ||| IDENTIFYING smoky orange potion
  9724 | D:9      | Found a white marble altar of Elyvilon.
  9739 | D:9      | Noticed Grum
  9740 | D:9      | 9740 ||| Stepping ~*~*~tactically~*~*~ (stealth).
  9742 | D:9      | 9742 ||| INVOKING Heroism.
  9754 | D:9      | Killed Grum
  9755 | D:9      | Reached skill level 1 in Throwing
  9856 | D:9      | Found a stormy altar of Qazlal.
  9911 | D:9      | 9911 ||| Stepping ~*~*~tactically~*~*~ (stealth).
  9913 | D:9      | 9913 ||| INVOKING Heroism.
  9960 | D:9      | 9960 ||| INVOKING Heroism.
  9967 | D:9      | Reached ***** piety under Okawaru
 10085 | D:9      | Noticed a two-headed ogre
 10086 | D:9      | 10086 ||| Stepping ~*~*~tactically~*~*~ (stealth).
 10097 | D:9      | 10097 ||| INVOKING Heroism.
 10103 | D:9      | Killed a two-headed ogre
 10143 | D:9      | 10143 ||| DROPPING amulet of faith.
 10144 | D:9      | 10144 ||| READING scroll of teleportation.
 10234 | D:9      | 10234 ||| INVOKING Heroism.
 10270 | D:9      | Found Loeroe's Distillery.
 10279 | D:9      | 10279 ||| BUYING 2 potions of curing (78 gold).
 10279 | D:9      | Bought 2 potions of curing for 78 gold pieces
 10279 | D:9      | 10279 ||| BUYING 2 potions of lignification (78 gold).
 10279 | D:9      | Bought 2 potions of lignification for 78 gold pieces
 10279 | D:9      | 10279 ||| BUYING potion of curing (39 gold).
 10279 | D:9      | Bought a potion of curing for 39 gold pieces
 10279 | D:9      | 10279 ||| BUYING potion of curing (39 gold).
 10279 | D:9      | Bought a potion of curing for 39 gold pieces
 10279 | D:9      | 10279 ||| BUYING potion of haste (130 gold).
 10279 | D:9      | Bought a potion of haste for 130 gold pieces
 10279 | D:9      | 10279 ||| SHOPLISTING potion of heal wounds (65 gold, have
                  | 58).
 10279 | D:9      | 10279 ||| BUYING potion of might (52 gold).
 10279 | D:9      | Bought a potion of might for 52 gold pieces
 10310 | D:9      | 10310 ||| Stepping randomly (stuck).
 10312 | D:9      | 10312 ||| Stepping randomly (stuck).
 10313 | D:9      | 10313 ||| Stepping randomly (stuck).
 10314 | D:9      | 10314 ||| Stepping randomly (stuck).
 10315 | D:9      | 10315 ||| Stepping randomly (stuck).
 10316 | D:9      | 10316 ||| Stepping randomly (stuck).
 10317 | D:9      | 10317 ||| Stepping randomly (stuck).
 10318 | D:9      | 10318 ||| Stepping randomly (stuck).
 10319 | D:9      | 10319 ||| Stepping randomly (stuck).
 10320 | D:9      | 10320 ||| Stepping randomly (stuck).
 10321 | D:9      | 10321 ||| Stepping randomly (stuck).
 10322 | D:9      | 10322 ||| Stepping randomly (stuck).
 10323 | D:9      | 10323 ||| Stepping randomly (stuck).
 10324 | D:9      | 10324 ||| Stepping randomly (stuck).
 10325 | D:9      | 10325 ||| Stepping randomly (stuck).
 10326 | D:9      | 10326 ||| Stepping randomly (stuck).
 10327 | D:9      | 10327 ||| Stepping randomly (stuck).
 10328 | D:9      | 10328 ||| Stepping randomly (stuck).
 10329 | D:9      | 10329 ||| Stepping randomly (stuck).
 10330 | D:9      | 10330 ||| Stepping randomly (stuck).
 10331 | D:9      | 10331 ||| Stepping randomly (stuck).
 10332 | D:9      | 10332 ||| Stepping randomly (stuck).
 10333 | D:9      | 10333 ||| Stepping randomly (stuck).
 10334 | D:9      | 10334 ||| Stepping randomly (stuck).
 10335 | D:9      | 10335 ||| Stepping randomly (stuck).
 10336 | D:9      | 10336 ||| Stepping randomly (stuck).
 10337 | D:9      | 10337 ||| Stepping randomly (stuck).
 10338 | D:9      | 10338 ||| Stepping randomly (stuck).
 10342 | D:9      | 10342 ||| INVOKING Heroism.
 10394 | D:9      | 10394 ||| Stepping randomly (stuck).
 10395 | D:9      | 10395 ||| Stepping randomly (stuck).
 10397 | D:9      | 10397 ||| Stepping randomly (stuck).
 10398 | D:9      | 10398 ||| Stepping randomly (stuck).
 10399 | D:9      | 10399 ||| Stepping randomly (stuck).
 10400 | D:9      | 10400 ||| Stepping randomly (stuck).
 10401 | D:9      | 10401 ||| Stepping randomly (stuck).
 10402 | D:9      | 10402 ||| Stepping randomly (stuck).
 10403 | D:9      | 10403 ||| Stepping randomly (stuck).
 10404 | D:9      | 10404 ||| Stepping randomly (stuck).
 10405 | D:9      | 10405 ||| Stepping randomly (stuck).
 10406 | D:9      | 10406 ||| Stepping randomly (stuck).
 10410 | D:9      | 10410 ||| INVOKING Heroism.
 10421 | D:9      | 10421 ||| Stepping randomly (stuck).
 10494 | D:9      | 10494 ||| Stepping ~*~*~tactically~*~*~ (stealth).
 10499 | D:9      | 10499 ||| FLEEEEING.
 10503 | D:9      | 10503 ||| FLEEEEING.
 10504 | D:9      | 10504 ||| FLEEEEING.
 10505 | D:9      | 10505 ||| FLEEEEING.
 10520 | D:9      | 10520 ||| DRINKING 6 potions of curing.
 10520 | D:9      | 10520 ||| (to cure confusion)
 10521 | D:9      | 10521 ||| INVOKING Heroism.
 10545 | D:9      | 10545 ||| Stepping randomly (stuck).
 10546 | D:9      | 10546 ||| Stepping randomly (stuck).
 10547 | D:9      | 10547 ||| Stepping randomly (stuck).
 10549 | D:9      | 10549 ||| Stepping randomly (stuck).
 10550 | D:9      | 10550 ||| Stepping randomly (stuck).
 10551 | D:9      | 10551 ||| Stepping randomly (stuck).
 10552 | D:9      | 10552 ||| Stepping randomly (stuck).
 10554 | D:9      | 10554 ||| Stepping randomly (stuck).
 10555 | D:9      | 10555 ||| Stepping randomly (stuck).
 10556 | D:9      | 10556 ||| Stepping randomly (stuck).
 10557 | D:9      | 10557 ||| Stepping randomly (stuck).
 10558 | D:9      | 10558 ||| Stepping randomly (stuck).
 10559 | D:9      | 10559 ||| Stepping randomly (stuck).
 10560 | D:9      | 10560 ||| Stepping randomly (stuck).
 10561 | D:9      | 10561 ||| Stepping randomly (stuck).
 10562 | D:9      | 10562 ||| Stepping randomly (stuck).
 10563 | D:9      | 10563 ||| Stepping randomly (stuck).
 10564 | D:9      | 10564 ||| Stepping randomly (stuck).
 10565 | D:9      | 10565 ||| Stepping randomly (stuck).
 10566 | D:9      | 10566 ||| Stepping randomly (stuck).
 10567 | D:9      | 10567 ||| Stepping randomly (stuck).
 10569 | D:9      | 10569 ||| Stepping randomly (stuck).
 10570 | D:9      | 10570 ||| Stepping randomly (stuck).
 10571 | D:9      | 10571 ||| Stepping randomly (stuck).
 10572 | D:9      | 10572 ||| Stepping randomly (stuck).
 10573 | D:9      | 10573 ||| Stepping randomly (stuck).
 10574 | D:9      | 10574 ||| Stepping randomly (stuck).
 10575 | D:9      | 10575 ||| Stepping randomly (stuck).
 10576 | D:9      | 10576 ||| Stepping randomly (stuck).
 10577 | D:9      | 10577 ||| Stepping randomly (stuck).
 10578 | D:9      | 10578 ||| Stepping randomly (stuck).
 10579 | D:9      | 10579 ||| Stepping randomly (stuck).
 10580 | D:9      | 10580 ||| Stepping randomly (stuck).
 10581 | D:9      | 10581 ||| Stepping randomly (stuck).
 10582 | D:9      | 10582 ||| Stepping randomly (stuck).
 10583 | D:9      | 10583 ||| Stepping randomly (stuck).
 10584 | D:9      | 10584 ||| Stepping randomly (stuck).
 10618 | D:9      | Noticed a cyan ugly thing
 10619 | D:9      | Noticed a seven-headed hydra
 10620 | D:9      | 10620 ||| INVOKING Heroism.
 10621 | D:9      | 10621 ||| INVOKING Finesse.
 10626 | D:9      | Killed a cyan ugly thing
 10638 | D:9      | HP: 16/68 [15-headed hydra (4)]
 10638 | D:9      | HP: 7/68 [15-headed hydra (9)]
 10639 | D:9      | 10639 ||| DRINKING 2 potions of heal wounds.
 10641 | D:9      | HP: 3/68 [17-headed hydra (10)]
 10642 | D:9      | 10642 ||| DRINKING potion of heal wounds.
 10645 | D:9      | Slain by a 20-headed hydra

Levels and vault maps discovered:
D:1:      dpeg_arrival_boxes_within_box, layout_basic,
          shapermc_ecumenical_altar_rom_forum
D:2:      layout_loops_corners, grunt_decor_junction
D:3:      layout_loops_ring, serial_shops, nicolae_shop_advertising_works
          [nicolae_subvault_shop_adworks], uniq_grinder
D:4:      layout_loops_ring, lemuel_temple_firewalk_b,
          chequers_serial_rivers_micro_a, nicolae_take_the_stairs,
          uniq_crazy_yiuf_cottage
D:5:      gammafunk_wand_slinger, layout_loops_corners,
          gammafunk_temple_overflow_wave, lemuel_tele_altar, uniq_duvessa
D:6:      layout_loops_cross, portal_sewer_entry_f
D:7:      layout_basic, mainiacjoe_overflow_alcove_2,
          nicolae_tso_swordbearing_angel, ebering_ghost_disaster_area
D:8:      minmay_quarter_circles, layout_basic, trog_antimagical
D:9:      kennysheep_windowed_halls, layout_stronghold,
          nicolae_elyvilon_peaceful_grove, overflow_temple_1_default,
          serial_shops, shop, minmay_puff, uniq_grum
Temple:   eino_temple_water

Skill      XL: |  1  2  3  4  5  6  7  8  9 10 11 |
---------------+----------------------------------+-----
Axes           | 2 3 4 6 7 9 10 | 10.4
Shields        | 6 8 9 |  9.0
Dodging        | 1 2 |  2.4
Fighting       | 4 5 6 7 8 |  8.2
Invocations    | 4 5 8 |  8.1
Armour         | 4 5 6 |  6.3
Throwing       | 1 |  1.0

Action                   |  1- 3 |  4- 6 |  7- 9 | 10-12 || total
-------------------------+-------+-------+-------+-------++-------
Melee: War axe           |    98 |   135 |   317 |   321 ||   871
Throw: Boomerang         |       |       |       |    20 ||    20
Invok: Heroism           |       |       |    13 |    19 ||    32
       Finesse           |       |       |       |     1 ||     1
  Use: Scroll            |     4 |     6 |    10 |     6 ||    26
       Potion            |     1 |       |     1 |     8 ||    10
Armor: Scale mail        |    16 |       |       |       ||    16
       Plate armour      |    41 |    64 |   168 |   223 ||   496
Dodge: Dodged            |    38 |    27 |    74 |    82 ||   221
Block: Buckler           |    19 |       |       |       ||    19
       Kite shield       |     4 |    71 |   167 |   196 ||   438

Table legend:
 A = Non-vault XP
 B = Vault XP
 C = Vault XP percentage of total XP
 D = Non-vault monster count
 E = Vault monster count
 F = Vault count percentage of total count
                 A         B        C        D         E       F
            +---------+---------+-------+---------+---------+-------
      Total |    6786 |    7675 |  53.1 |     179 |      63 |  26.0
            +---------+---------+-------+---------+---------+-------
        D:1 |      36 |       0 |   0.0 |      20 |       0 |   0.0
        D:2 |      37 |       0 |   0.0 |       8 |       0 |   0.0
        D:3 |     128 |     277 |  68.4 |      24 |       1 |   4.0
        D:4 |     383 |       0 |   0.0 |      20 |       0 |   0.0
        D:5 |     711 |     209 |  22.7 |      17 |       2 |  10.5
        D:6 |     946 |      12 |   1.3 |      24 |       6 |  20.0
        D:7 |     914 |       0 |   0.0 |      19 |       0 |   0.0
        D:8 |    1257 |    4766 |  79.1 |      29 |      35 |  54.7
        D:9 |    2374 |    2256 |  48.7 |      18 |      14 |  43.8
      Sewer |       0 |     155 | 100.0 |       0 |       5 | 100.0
            +---------+---------+-------+---------+---------+-------
